 Dungeon Crawl Stone Soup version 0.18-a0-1109-gfc003ac (webtiles) character file.

350 ThermosAquaticus the Slasher (level 6, 0/37 HPs)
             Began as a High Elf Abyssal Knight on Jan 16, 2016.
             Was a Priest of Lugonu.
             Slain by psellion's ghost (13 damage)
             ... on level 3 of the Dungeon.
             The game lasted 00:12:32 (4093 turns).

ThermosAquaticus the Slasher (HEAK)                 Turns: 4093, Time: 00:12:32

Health: 0/37       AC:  5    Str: 11    XL:     6   Next: 33%
Magic:  10/10      EV:  7    Int: 20    God:    Lugonu [***...]
Gold:   172        SH:  0    Dex: 15    Spells: 2 memorised, 5 levels left

rFire  . . .     SeeInvis .     a - +1 falchion
rCold  . . .     Gourm    .     b - +0 leather armour
rNeg   . . .     Faith    .     (no shield)
rPois  .         Spirit   .     l - +0 helmet
rElec  .         Dismiss  .     v - +0 cloak
rCorr  .         Reflect  .     (no gloves)
SustAt .         Harm     .     (no boots)
MR     +....                    (no amulet)
Stlth  +.........               (no ring)
                                (no ring)

@: somewhat resistant to hostile enchantments, very unstealthy
A: clever 1, frail 1, magic resistance 1
a: Depart the Abyss, Bend Space, Banish, Renounce Religion


You were on level 3 of the Dungeon.
You worshipped Lugonu.
Lugonu was most pleased with you.
You were not hungry.

You visited 1 branch of the dungeon, and saw 3 of its levels.
You visited the Abyss 1 time.

You collected 172 gold pieces.

Inventory:

Hand Weapons
 a - a +1 falchion (weapon)
Armour
 b - a +0 leather armour (worn)
 e - a +4 chain mail
 i - a +0 ring mail
 l - a +0 helmet (worn)
 v - a +0 cloak (worn)
Jewellery
 t - a cursed amulet of inaccuracy {unknown}
Wands
 u - a wand of flame (26/48)
Scrolls
 g - 6 scrolls of remove curse {unknown}
 h - 8 scrolls of identify {unknown}
 k - a scroll of teleportation {unknown}
 p - a scroll of enchant armour {unknown}
 r - a scroll of fear {unknown}
 w - a scroll of enchant weapon {unknown}
Potions
 d - a potion of heal wounds
 j - a potion of agility
 m - 2 potions of mutation
 o - a potion of lignification {unknown}
Books
 s - a book of Frost

   Spells                             Type                      Level
   a - Freeze                         Ice                          1
   b - Throw Frost                    Conjuration/Ice              2
   c - Ozocubu's Armour               Charms/Ice                   3
   d - Throw Icicle                   Conjuration/Ice              4
   e - Summon Ice Beast               Ice/Summoning                4
   f - Condensation Shield            Ice                          4
Comestibles
 c - a bread ration
 f - 2 chunks of flesh
 n - a meat ration


   Skills:
 - Level 3.0 Fighting
 - Level 6.3 Long Blades
 - Level 0.8 Armour
 - Level 2.1 Dodging
 + Level 2.5 Spellcasting
 * Level 3.0 Ice Magic
 + Level 2.1 Invocations


You had 5 spell levels left.
You knew the following spells:

 Your Spells              Type           Power        Failure   Level  Hunger
a - Freeze                Ice            ##..         8%          1    None
b - Summon Ice Beast      Ice/Summ       #.......     91%         4    ####...


Dungeon Overview and Level Annotations

Branches:
Dungeon (3/15)

Altars:
Kikubaaqudgha

Annotations:
D:3 psellion's ghost, amateur DgFi


Innate Abilities, Weirdness & Mutations

Your mind is acute. (Int +2)
You are frail (-10% HP).
You are resistant to hostile enchantments.


Message History

Psellion's ghost is lightly damaged.
Psellion's ghost barely misses you.
You closely miss psellion's ghost.
Psellion's ghost is lightly damaged.
Psellion's ghost closely misses you.
You hit psellion's ghost.
Psellion's ghost is lightly damaged.
Psellion's ghost hits you!
You barely miss psellion's ghost.
Psellion's ghost is lightly damaged.
Psellion's ghost whispers, "Death doesn't hurt.
What you feel is life." Psellion's ghost hits you.
Your leather armour prevents you from hitting psellion's ghost.
Psellion's ghost is lightly damaged.
Psellion's ghost ripples.
Psellion's ghost hits you!
* * * LOW HITPOINT WARNING * * *
There is a stone staircase leading up here.
Psellion's ghost hits you!
You die...

............##..##...........#
#.#.####..####..##...####.##.#
#.#.####..#...............##.#
#.#.......#.##...)...######..#
...#####.##.##.####### #)##
...# #.......# #)#
...########.####### #.#
.[.......##.......####### #.#
...#####.##....W@.#.....# #.#
.........##.##.##.#.....#
#.###
...............##.......#
#...#
.........##)#####.#.....#
###.#
.#.#####.##.#####.#(....# #.#
.#.......##.......####### #.#
####)######.####### #.# .#.(>#
#.# #.# .#.### #.# #########
#.#


You could see psellion's ghost.

Vanquished Creatures
  Sigmund (D:3)
  2 orc priests (D:3)
  2 gnolls (D:2)
  4 adders
  An ooze (D:2)
  5 worms
  3 giant geckos
  2 orcs (D:3)
  7 bats
  3 giant cockroaches
  10 goblins
  8 hobgoblins
  6 jackals (D:3)
  A quokka (D:2)
  6 giant newts
  10 kobolds
  5 rats
76 creatures vanquished.

Notes
Turn   | Place    | Note
--------------------------------------------------------------
     0 | Abyss:1  | ThermosAquaticus the High Elf Abyssal Knight began the quest for the Orb.
     0 | Abyss:1  | Reached XP level 1. HP: 16/16 MP: 3/3
    12 | D:1      | Escaped the Abyss
   321 | D:1      | Reached XP level 2. HP: 21/21 MP: 4/4
   680 | D:1      | Reached ** piety under Lugonu
   680 | D:1      | Reached skill level 4 in Long Blades
  1065 | D:2      | Reached XP level 3. HP: 16/26 MP: 5/5
  1413 | D:2      | Reached skill level 5 in Long Blades
  1495 | D:2      | Found an ancient bone altar of Kikubaaqudgha.
  1564 | D:2      | Found a faded altar to an unknown god.
  1614 | D:2      | Reached XP level 4. HP: 21/31 MP: 6/6
  2497 | D:3      | Noticed psellion's ghost (amateur DgFi)
  2977 | D:3      | Reached skill level 6 in Long Blades
  3055 | D:3      | Reached XP level 5. HP: 25/36 MP: 7/7
  3143 | D:3      | Learned a level 1 spell: Freeze
  3311 | D:3      | Reached skill level 1 in Ice Magic
  3411 | D:3      | Noticed Sigmund
  3412 | D:3      | Gained mutation: Your mind is acute. (Int +2) [potion of mutation]
  3412 | D:3      | Gained mutation: You are frail (-10% HP). [potion of mutation]
  3412 | D:3      | Gained mutation: You are resistant to hostile enchantments. [potion of mutation]
  3425 | D:3      | Killed Sigmund
  3425 | D:3      | Reached XP level 6. HP: 26/37 MP: 7/10
  3574 | D:3      | Learned a level 4 spell: Summon Ice Beast
  3655 | D:3      | Reached *** piety under Lugonu
  4093 | D:3      | Slain by psellion's ghost

Vault maps used:
D:1:      lightli_arrival_isolated_outpost, st_stairs_10
D:2:      marbit_many_paths, ecumenical_altar_1
D:3:      kennysheep_generic_room_9, uniq_sigmund

Action                   |  1- 3 |  4- 6 || total
-------------------------+-------+-------++-------
Melee: Falchion          |   104 |   177 ||   281
  Use: Potion            |       |     4 ||     4
  Eat: Chunk             |     2 |     8 ||    10
